 Dungeon Crawl Stone Soup version 0.29-a0-668-g12ee2bf84d (webtiles) character file.

Game seed: 9941755167597627715

41 buhh the Bolt Thrower (level 3, -2/23 HPs)
             Began as a Kobold Hunter on June 24, 2022.
             Slain by a worm (8 damage)
             ... on level 2 of the Dungeon.
             The game lasted 00:01:42 (1112 turns).

buhh the Bolt Thrower (Kobold Hunter)               Turns: 1112, Time: 00:01:43

Health: -2/23      AC:  4    Str:  8    XL:     3   Next: 75%
Magic:  3/3        EV: 15    Int: 10    God:
Gold:   93         SH:  0    Dex: 20    Spells: 2/2 levels left

rFire   . . .      SeeInvis .   a - +1 hand crossbow
rCold   . . .      Faith    .   (no shield)
rNeg    . . .      Spirit   .   b - +0 leather armour
rPois   .          Reflect  .   (no helmet)
rElec   .          Harm     .   (no cloak)
rCorr   .          Rampage  .   c - +0 pair of gloves
Will    .....                   (no boots)
Stlth   +++.......              (no amulet)
HPRegen 0.07/turn               (no ring)
MPRegen 0.08/turn               (no ring)

@: no status effects
A: small, no large weapons, nightstalker 3
a: no special abilities


You were on level 2 of the Dungeon.
You visited 1 branch of the dungeon, and saw 2 of its levels.

You collected 93 gold pieces.

Inventory:

Hand Weapons
 a - a +1 hand crossbow (weapon)
Missiles
 e - 2 poisoned darts
Armour
 b - a +0 leather armour (worn)
 c - a +0 pair of gloves (worn)
Scrolls
 T - 2 scrolls of immolation {!d}
Potions
 d - a potion of curing {unknown}


   Skills:
 + Level 3.0 Fighting
 + Level 5.8 Crossbows
 + Level 3.3 Dodging
 - Level 1.3 Stealth


You had 2 spell levels left.
You didn't know any spells.
Your spell library contained the following spells:

 Spells                   Type           Power      Damage    Failure   Level
 Summon Small Mammal      Summ           0%         N/A       50%         1
 Call Canine Familiar     Summ           0%         N/A       86%         3
 Dazzling Flash           Conj/Hex       0%         N/A       86%         3
 Summon Guardian Golem    Hex/Summ       0%         N/A       86%         3
 Agony                    Necr           0%         N/A       100%        5
 Silence                  Hex/Air        0%         N/A       100%        5


Dungeon Overview and Level Annotations

Branches:
Dungeon (2/15) Zot: 10867

Altars:

Annotations:
D:2 Natasha


Innate Abilities, Weirdness & Mutations

You are small and have problems with some larger weapons.
You are completely attuned to the shadows.


Message History

The bolt closely misses the frilled lizard.
The frilled lizard misses you.
You shoot a bolt. The bolt misses the frilled lizard.
The frilled lizard barely misses you.
You shoot a bolt. The bolt hits the frilled lizard.
You kill the frilled lizard!
You shoot a bolt. The bolt hits the worm!
The worm is moderately wounded.
The worm barely misses you.
You shoot a bolt. The bolt hits the worm.
The worm is moderately wounded.
The worm bites you!
You shoot a bolt. The bolt hits the worm.
The worm is heavily wounded.
You shoot a bolt. The bolt hits the worm.
The worm is severely wounded.
The worm bites you but does no damage.
You shoot a bolt. The bolt barely misses the worm.
The worm bites you.
You are too injured to fight recklessly!
You are too injured to fight recklessly!
You are too injured to fight recklessly!
Shoot: a) +1 hand crossbow
Press: ? - help, Q - select action, (/) - cycle Shift-Dir - straight line, f/p - worm
Aim: a worm (severely wounded, 82% to hit)
You shoot a bolt. The bolt hits the worm.
The worm is almost dead.
The worm bites you.
* * * LOW HITPOINT WARNING * * *
Shoot: a) +1 hand crossbow
Press: ? - help, Q - select action, (/) - cycle Shift-Dir - straight line, f/p - worm
Aim: a worm (almost dead, 82% to hit)
You shoot a bolt. The bolt barely misses the worm.
Shoot: a) +1 hand crossbow
Press: ? - help, Q - select action, (/) - cycle Shift-Dir - straight line, f/p - worm
Aim: a worm (almost dead, 82% to hit)
You shoot a bolt.
The bolt hits the worm but does no damage.
The worm is almost dead.
The worm bites you!
You die...

.........
#........
#........
#...w....
#...@....
####.....
#.#.#.#..#
#.#...#.)#
#.##..#..#
#.##..#..########
#.##.<...#......#
#.##..#.##.####.#
#.###.#.##.# #.#


You could see a worm.

Vanquished Creatures
  6 dart slugs
  5 bats (D:1)
  4 endoplasms (D:1)
  2 giant cockroaches (D:1)
  A goblin (D:1)
  A hobgoblin (D:1)
  A quokka (D:2)
  2 ball pythons (D:1)
  3 frilled lizards
  2 kobolds (D:1)
  A rat (D:2)
28 creatures vanquished.

Notes
Turn   | Place    | Note
-------+----------+-------------------------------------------
     0 | D:1      | buhh the Kobold Hunter began the quest for the Orb.
     0 | D:1      | Reached XP level 1. HP: 12/12 MP: 1/1
   153 | D:1      | Reached XP level 2. HP: 18/18 MP: 2/2
   485 | D:1      | Reached XP level 3. HP: 22/22 MP: 3/3
   550 | D:1      | Found a faded altar of an unknown god.
   973 | D:2      | Noticed Natasha
  1112 | D:2      | Slain by a worm

Illustrated notes

Levels and vault maps discovered:
D:1:      shiori_arrival_oz, layout_basic, dreamdust_ecumenical_altar_statues,
          st_stairs_10
D:2:      layout_basic, serial_shops, nicolae_shop_waterfront, uniq_natasha

Skill      XL: |  1  2  3 |
---------------+----------+-----
Dodging        | 3 |  3.3
Fighting       | 3 |  3.0
Crossbows      | |  5.8
Stealth        | |  1.3

Action                   || total
-------------------------++-------
 Fire: Hand crossbow     ||    74
  Use: Scroll            ||     6
Armor: Leather armour    ||     7
Dodge: Dodged            ||    21

Table legend: (Time is in decaauts)
 A = Elapsed time spent in this place.
 B = Non-inter-level travel time spent in this place.
 C = Inter-level travel time spent in this place.
 D = Time resting spent in this place.
 E = Time spent auto-exploring this place.
 F = Levels seen in this place.
 G = Mean time per level.
                   A        B        C        D        E       F      G
               +--------+--------+--------+--------+--------+-----+--------+
         Total |   1131 |   1111 |     20 |    100 |    861 |   2 |  565.5 |
       Dungeon |   1131 |   1111 |     20 |    100 |    861 |   2 |  565.5 |
               +--------+--------+--------+--------+--------+-----+--------+

Top non-repeatable levels by time:
     D:1: 969 daAuts
     D:2: 162 daAuts
